 Dungeon Crawl Stone Soup version 0.18.1-50-g88ac8fd (webtiles) character file.

109 magog001 the Sneak (level 4, 0/33 HPs)
             Began as a Spriggan Assassin on Sept 14, 2017.
             Slain by a river rat (1 damage)
             ... in a sewer.
             The game lasted 00:13:12 (3033 turns).

magog001 the Sneak (Spriggan Assassin)              Turns: 3033, Time: 00:13:12

Health: 0/33       AC:  2    Str: 13    XL:     4   Next: 60%
Magic:  0/5        EV: 19    Int: 12    God:
Gold:   119        SH:  0    Dex: 17    Spells: 0 memorised, 3 levels left

rFire  . . .     SeeInvis +     n - +5 dagger
rCold  . . .     Gourm    .     p - -1 robe (curse)
rNeg   . . .     Faith    .     (shield restricted)
rPois  .         Spirit   +     (helmet restricted)
rElec  .         Dismiss  .     d - +0 cloak
rCorr  .         Reflect  .     (gloves unavailable)
SustAt .         Harm     .     (boots unavailable)
MR     .....                    k - amulet of guardian spirit
Stlth  ..........               (no ring)
                                (no ring)

@: berserking, very quick, not resistant to hostile enchantments, extremely
unstealthy
A: unfitting armour, see invisible, herbivore 3, speed 3, slow metabolism 2
a: no special abilities


You were in a sewer.
You were not hungry.

You visited 1 branch of the dungeon, and saw 3 of its levels.
You also visited: Sewer.

You collected 119 gold pieces.

Inventory:

Hand Weapons
 b - a +0 blowgun
 n - a +5 dagger (weapon)
 s - a cursed -1 hunting sling
Missiles
 e - 24 poisoned needles
 f - 2 curare-tipped needles
Armour
 c - a +2 robe
 d - a +0 cloak (worn)
 p - a cursed -1 robe (worn)
Jewellery
 k - an amulet of guardian spirit (around neck)
Scrolls
 h - a scroll of magic mapping
 i - 3 scrolls of teleportation
 l - a scroll of identify
Potions
 a - a potion of lignification {unknown}
 m - a potion of agility
 o - a potion of might {unknown}
 q - a potion of flight {unknown}
Comestibles
 g - 3 bread rations
 r - a royal jelly


   Skills:
 + Level 1.6 Fighting
 * Level 2.9 Short Blades
 * Level 2.7 Throwing
 * Level 4.0 Dodging
 + Level 7.0 Stealth


You had 3 spell levels left.
You didn't know any spells.

Dungeon Overview and Level Annotations

Branches:
Dungeon (3/15)

Altars:
Cheibriados
Xom

Annotations:
D:3 magog001's ghost, amateur HuFi


Innate Abilities, Weirdness & Mutations

You are tiny and cannot use many weapons and most armour.
You have supernaturally acute eyesight.
You are a herbivore.
You cover ground extremely quickly.
You need consume almost no food.


Message History

The river rat barely misses you. The river rat misses you.
You barely miss the rat. The rat misses you. The river rat closely misses you.
The river rat misses you. The rat closely misses you.
You puncture the rat!
You kill the rat!
The rat bites you. The river rat bites you.
* * * LOW HITPOINT WARNING * * *
The river rat completely misses you.
You hit the rat.
You kill the rat!
The rat bites you.
* * * LOW HITPOINT WARNING * * *
The river rat closely misses you. The river rat misses you.
Drink which item? (? for menu, Esc to quit)
It was a potion of berserk rage.
A red film seems to cover your vision as you go berserk!
You feel yourself moving faster!
You feel mighty! The rat bites you.
* * * LOW HITPOINT WARNING * * *
The rat closely misses you. The river rat bites you.
You die...

S###
.....##
.......##
######
........##
##....##
l.......#
#......#
#......##
#..∩∩..#
#....rr#
#......#
#..≈rr@#
#≈.≈..≈#
#≈≈≈≈≈r#
#≈≈≈†≈≈#
#≈≈≈≈≈≈#
#≈≈≈≈≈≈#
#≈≈≈≈≈≈#
#≈≈≈≈≈≈#
#≈≈≈≈≈≈#
#≈≈≈≈≈≈#
#≈≈≈≈≈≈#
#≈≈≈≈≈≈#
#≈≈≈≈≈≈#
#≈≈≈≈≈≈#
#≈≈≈≈≈≈#
#≈≈≈≈≈≈#
#≈≈≈≈≈≈#
#≈≈≈≈≈≈#


You could see 2 river rats and 3 rats.

Vanquished Creatures
  2 adders
  An ooze (D:2)
  3 worms (D:3)
  A dart slug (D:2)
  A giant gecko (D:2)
  4 orcs (D:3)
  6 bats
  4 giant cockroaches
  10 goblins
  3 hobgoblins (D:2)
  8 jackals
  6 kobolds
  A quokka (D:2)
  A ball python (Sewer)
  2 giant newts (D:2)
  15 rats
68 creatures vanquished.

Notes
Turn   | Place    | Note
--------------------------------------------------------------
     0 | D:1      | magog001 the Spriggan Assassin began the quest for the Orb.
     0 | D:1      | Reached XP level 1. HP: 10/10 MP: 2/2
   204 | D:1      | Reached skill level 6 in Stealth
   361 | D:1      | Reached XP level 2. HP: 3/14 MP: 3/3
  1561 | D:2      | Found a shimmering altar of Xom.
  1561 | D:2      | Found a snail-covered altar of Cheibriados.
  1570 | D:2      | Reached XP level 3. HP: 18/18 MP: 4/4
  2122 | D:2      | Reached XP level 4. HP: 22/22 MP: 5/5
  2226 | D:3      | Noticed magog001's ghost (amateur HuFi)
  2880 | D:3      | Found a glowing drain.
  2885 | Sewer    | Entered a sewer
  2979 | Sewer    | Reached skill level 7 in Stealth
  3033 | Sewer    | HP: 1/33 [rat (2)]
  3033 | Sewer    | Slain by a river rat

Skill      XL: |  1  2  3  4 |
---------------+-------------+-----
Stealth        | 6 7 |  7.0
Dodging        | 2 3 4 |  4.0
Fighting       | |  1.6
Short Blades   | |  2.9
Throwing       | |  2.7

Action                   |  1- 3 |  4- 6 || total
-------------------------+-------+-------++-------
Melee: Dagger            |   100 |    77 ||   177
 Fire: Blowgun           |    14 |       ||    14
  Use: Scroll            |    10 |       ||    10
       Potion            |       |     1 ||     1
 Stab: Sleeping          |    11 |     4 ||    15
       Distracted        |     2 |       ||     2
Armor: Robe              |     8 |     5 ||    13
Dodge: Dodged            |    86 |    71 ||   157
